 Dungeon Crawl Stone Soup version 0.28-a0-1087-gf3fc490d9d (webtiles) character file.

Game seed: 8114315150525043160

36 ytrimaz the Insei (level 3, -1/23 HPs)
             Began as an Octopode Transmuter on Dec 10, 2021.
             Slain by a goblin (2 damage)
             ... led by Robin
             ... on level 2 of the Dungeon.
             The game lasted 00:00:55 (1320 turns).

ytrimaz the Insei (Octopode Transmuter)             Turns: 1320, Time: 00:00:56

Health: -1/23      AC:  1    Str:  9    XL:     3   Next: 37%
Magic:  3/6        EV: 13    Int: 17    God:
Gold:   51         SH:  0    Dex: 12    Spells: 1/7 levels left

rFire   . . .      SeeInvis .     - Unarmed
rCold   . . .      Faith    .   (no shield)
rNeg    . . .      Spirit   .   (helmet currently unavailable)
rPois   .          Reflect  .   (no amulet)
rElec   .          Harm     .   (no ring)
rCorr   .          Rampage  .   (no ring)
Will    .....                   (no ring)
Stlth   ++........              (no ring)
HPRegen 0.07/turn               (no ring)
MPRegen 0.10/turn               (no ring)
                                (no ring)
                                (no ring)

@: appendages (expiring), wereblooded
A: tentacle spike 3, almost no armour, amphibious, 8 rings, camouflage 1,
gelatinous body 1, (nimble swimmer 1), tentacles
a: End Transformation


You were on level 2 of the Dungeon.
One of your tentacles had grown a beastly spike.
You visited 1 branch of the dungeon, and saw 2 of its levels.

You collected 51 gold pieces.

Inventory:

Scrolls
 a - 2 scrolls of teleportation
Potions
 b - a potion of flight {unknown}


   Skills:
 * Level 1.4 Fighting
 - Level 2.0 Dodging
 + Level 3.4 Unarmed Combat
 * Level 2.5 Spellcasting
 * Level 2.4 Transmutations


You had one spell level left.
You knew the following spells:

 Your Spells              Type           Power      Damage    Failure   Level
a - Beastly Appendage     Tmut           20%        N/A       7%          1
b - Wereblood             Tmut           10%        N/A       10%         2
c - Spider Form           Tmut/Pois      6%         N/A       32%         3

Your spell library contained the following spells:

 Spells                   Type           Power      Damage    Failure   Level
 Ice Form                 Ice/Tmut       6%         N/A       73%         4


Dungeon Overview and Level Annotations

Branches:
Dungeon (2/15)

Altars:

Annotations:
D:2 Robin


Innate Abilities, Weirdness & Mutations

One of your tentacles has grown a beastly spike.
You cannot wear most types of armour.
You are amphibious.
You can wear up to eight rings at the same time.
Your skin changes colour to match your surroundings (Stealth+).
Your rubbery body absorbs attacks. (AC +1, EV +1)
((You are camouflaged near water. (Stealth+)))
You have tentacles for arms and can constrict up to eight enemies at once.


Message History

The goblin shouts! x2; You hear a shout! 2 goblins come into view.
The goblin shouts!
The goblin unwields a +0 club.
The goblin wields a +0 hunting sling.
The goblin shoots a stone.
The stone hits you. The hobgoblin hits you. Robin throws the goblin at you!
You tentacle-slap the goblin.
You kill the goblin!
A rat comes into view.
One of your tentacles grows a vicious spike.
The hobgoblin closely misses you. Robin throws the goblin at you!
The rat twitches its whiskers.
The goblin unwields a +0 hunting sling.
The goblin wields a +0 club.
The goblin closely misses you. The goblin hits you with a +0 dagger.
You miss the goblin. You grab the goblin.
You pierce the goblin.
You kill the goblin!
The hobgoblin hits you. The goblin hits you with a +0 dagger.
The goblin closely misses you.
Unknown command.
Unknown command.
The hobgoblin closely misses you. Robin throws the goblin at you!
The goblin hits you with a +0 club.
* * * LOW HITPOINT WARNING * * *
Items here: )) ††.
Unknown command.
Your transformation is almost over.
A dart slug comes into view.
Casting: Beastly Appendage (safe; 7% risk of failure)
Confirm with . or Enter, or press ? or * to list all spells.
Your blood is infused with primal strength.
The hobgoblin barely misses you. The goblin barely misses you.
Unknown command.
Robin throws the goblin at you!
* * * LOW HITPOINT WARNING * * *
The goblin closely misses you. The dart slug launches a dart at you.
The slug dart hits you.
* * * LOW HITPOINT WARNING * * *
The goblin hits you with a +0 dagger.
You die...

#.................
#..............<..
#.................
#..............##.
#.......####...# .
..............#
###g....##.....##
#.ggg.............
#@###)###......###
#.# #g............
#.#.g.g........###
#w.r.g##########
........ ###....#
#.....# .......#
.....#.


You could see Robin, a dart slug, a hobgoblin and 2 goblins.

Vanquished Creatures
  4 dart slugs
  2 ball pythons (D:1)
  An endoplasm (D:2)
  2 giant cockroaches (D:1)
  5 goblins
  5 hobgoblins (D:1)
  2 jackals (D:1)
  A quokka (D:1)
  A frilled lizard (D:1)
23 creatures vanquished.

Notes
Turn   | Place    | Note
-------+----------+-------------------------------------------
     0 | D:1      | ytrimaz the Octopode Transmuter began the quest for the
                  | Orb.
     0 | D:1      | Reached XP level 1. HP: 13/13 MP: 3/3
    66 | D:1      | Found a faded altar of an unknown god.
   128 | D:1      | Reached XP level 2. HP: 16/18 MP: 1/5
   790 | D:1      | Reached XP level 3. HP: 23/23 MP: 4/6
   793 | D:1      | Learned a level 2 spell: Wereblood
   797 | D:1      | Learned a level 3 spell: Spider Form
  1309 | D:2      | Noticed Robin
  1320 | D:2      | HP: 1/23 [dart slug/slug dart (3)]
  1320 | D:2      | Slain by a goblin

Illustrated notes

Levels and vault maps discovered:
D:1:      scummos_arrival_hexagon, layout_basic, shapermc_ecumenical_altar_venn,
          chequers_serial_rivers_room_b, minmay_tromino_v2
D:2:      layout_basic, uniq_robin, uniq_crazy_yiuf_cottage, uniq_terence,
          uniq_sigmund

Action                   || total
-------------------------++-------
Melee: Unarmed           ||    49
       Constrict         ||    17
       Tentacles         ||     9
       Kick              ||    11
 Cast: Beastly Appendage ||    13
       Wereblood         ||     1
  Use: Scroll            ||     5
 Stab: Sleeping          ||     3
Armor: Skin              ||     4
Dodge: Dodged            ||    31

Table legend: (Time is in decaauts)
 A = Elapsed time spent in this place.
 B = Non-inter-level travel time spent in this place.
 C = Inter-level travel time spent in this place.
 D = Time resting spent in this place.
 E = Time spent auto-exploring this place.
 F = Levels seen in this place.
 G = Mean time per level.
                   A        B        C        D        E       F      G
               +--------+--------+--------+--------+--------+-----+--------+
         Total |   1316 |   1292 |     24 |      0 |   1119 |   2 |  658.0 |
       Dungeon |   1316 |   1292 |     24 |      0 |   1119 |   2 |  658.0 |
               +--------+--------+--------+--------+--------+-----+--------+

Top non-repeatable levels by time:
     D:1: 1280 daAuts
     D:2: 36 daAuts
